cohdb
Replays
Latest Replays
All Replays
Popular Replays
Top Player Replays
Match Explorer
How It Works
Community
CoH3 Stats
Reddit
Sign in to upload your games and track your stats! →
Sign in with Steam
Match 45224455
Unlisted
Match 45224455
Overview
Messages
Build Orders
End
Construct Section Command Post
Dingo Light Scout Car
Dingo Light Scout Car
Infantry Section
Infantry Section
Construct Platoon Command Post
Infantry Section
Humber Armored Car
Royal Engineer Section
Unlock M3 Stuart Light Tanks
Selects Air and Sea Battlegroup
Selects Supply Surplus
Selects UNKNOWN (223837)
Construct Resource Cache
M3 Stuart Light Tank
Light Vehicle Training
M3 Stuart Light Tank
Grenade Package
Construct Field Infirmary
6-pounder Anti-tank Gun Team
Vickers Machine Gun Team
Selects Commando Section Paradrop
Selects Commando Support Section Paradrop
DirtyDan
큐티큐티킹왕짱
6ec95vjq
kristianjohnsen
IPreferLoosing
frooooodoooooooo
0
0
Comments
sign in to comment!
No comments posted yet!